 Dungeon Sprint DCSS version 0.23-a0-516-g0f8c245 (webtiles) character file.

301 JosiahThimblerig the Cleaver (level 6, -9/63 HPs)
             Began as a Hill Orc Fighter on Dec 5, 2018.
             Was an Initiate of Vehumet.
             Mangled by a yak (18 damage)
             ... in the Dungeon (Sprint I: "Red Sonja").
             The game lasted 00:02:36 (474 turns).

JosiahThimblerig the Cleaver (Hill Orc Fighter)      Turns: 474, Time: 00:02:37

Health: -9/63      AC: -4    Str: 19    XL:     6   Next: 37%
Magic:  6/6        EV:  8    Int:  9    God:    Vehumet [......]
Gold:   162        SH: 10    Dex: 11    Spells: 5/5 levels left

rFire    . . .     SeeInvis .   a - +0 war axe
rCold    . . .     Gourm    .   c - +0 shield
rNeg     . . .     Faith    .   b - +0 scale mail
rPois    .         Spirit   .   (no helmet)
rElec    .         Reflect  .   (no cloak)
rCorr    .         Harm     .   (no gloves)
MR       .....     NoTele   +   (no boots)
Stlth    ..........             (no amulet)
HPRegen  0.20/turn              (no ring)
MPRegen  0.10/turn              (no ring)

@: corroded
A: no striking features
a: Renounce Religion


You were in the Dungeon.
You worshipped Vehumet.
Vehumet was noncommittal.
You were not hungry.

You visited 1 branch You collected 162 gold pieces.

Inventory:

Hand Weapons
 a - a +0 war axe (weapon)
 m - a +0 dagger
 o - a +0 giant club
 p - a +0 scythe
Armour
 b - a +0 scale mail (worn)
 c - a +0 shield (worn)
 l - a +1 pair of gloves
 n - a +0 scale mail
 q - a +0 robe
 r - a +0 leather armour
Scrolls
 k - a scroll of blinking
Potions
 d - a potion of might
 e - a potion of curing
 h - a potion of haste
 i - 2 potions of magic
 j - a potion of berserk rage
Comestibles
 f - a ration


   Skills:
 + Level 9.0 Fighting
 + Level 9.1 Axes
 + Level 7.2 Armour
 + Level 0.6 Dodging
 + Level 7.6 Shields


You had 5 spell levels left.
You didn't know any spells.
Your spell library was empty.

Dungeon Overview and Level Annotations

Branches:
Dungeon (1/1)

Altars:
Elyvilon
Fedhas
Kikubaaqudgha
Okawaru
Qazlal
Sif Muna
Trog
Vehumet
Wu Jian
Zin
The Shining One

Shops:
D !


Message History

You feel much better. The yak gores you.
* * * LOW HITPOINT WARNING * * *
You barely miss the yak.
The yak is moderately wounded.
The yak barely misses you.
Your shield and scale mail prevent you from hitting the yak.
The yak is moderately wounded.
The yak snorts and paws the ground.
The yak barely misses you.
You hit the yak but do no damage.
The yak is moderately wounded.
The yak gores you.
* * * LOW HITPOINT WARNING * * *
You hit the yak but do no damage.
The yak is moderately wounded.
The yak completely misses you.
You hit the yak but do no damage.
The yak is moderately wounded.
The yak gores you!!
You die...

################
#<.#..'÷.#..'..#
#..'..#..'..#..+
#..#####'#####'#
#..# #..# #.#
#..#__#### ##.#
#..#_____##+#_.+
#⌠⌠#_.∩...Y..._#
#### #@.#+# ##+#


You could see a yak.

Vanquished Creatures
  Sigmund (D)
  An ogre (D)
  A jelly (D)
  Ijyb (D)
4 creatures vanquished.

Notes
Turn   | Place    | Note
-------+----------+-------------------------------------------
     0 | D        | JosiahThimblerig the Hill Orc Fighter began the quest for
                  | the Orb.
     0 | D        | Reached XP level 1. HP: 19/19 MP: 1/1
     2 | D        | Noticed Ijyb
    24 | D        | Killed Ijyb
    24 | D        | Reached skill level 5 in Fighting
    24 | D        | Reached XP level 2. HP: 18/29 MP: 2/2
    24 | D        | Reached XP level 3. HP: 22/36 MP: 3/3
   145 | D        | Noticed an ogre
   152 | D        | Killed an ogre
   152 | D        | Reached skill level 5 in Armour
   152 | D        | Reached XP level 4. HP: 20/45 MP: 4/4
   337 | D        | Noticed Sigmund
   351 | D        | Killed Sigmund
   351 | D        | Reached XP level 5. HP: 40/56 MP: 5/5
   351 | D        | Reached XP level 6. HP: 44/62 MP: 6/6
   446 | D        | Found an ornate altar of the Wu Jian Council.
   446 | D        | Found a deep blue altar of Sif Muna.
   448 | D        | Found a radiant altar of Vehumet.
   465 | D        | Became a worshipper of Vehumet
   466 | D        | Found Dulyaruiwk's Distillery.
   466 | D        | Found an ancient bone altar of Kikubaaqudgha.
   466 | D        | Found a stormy altar of Qazlal.
   466 | D        | Found a blossoming altar of Fedhas.
   466 | D        | Found a bloodstained altar of Trog.
   466 | D        | Found an iron altar of Okawaru.
   466 | D        | Found a glowing golden altar of the Shining One.
   466 | D        | Found a glowing silver altar of Zin.
   466 | D        | Found a white marble altar of Elyvilon.
   466 | D        | Noticed a yak
   474 | D        | Mangled by a yak

Vault maps used:
D:        dungeon_sprint_1

Skill      XL: |  1  2  3  4  5  6 |
---------------+-------------------+-----
Fighting       | 5 6 8 9 |  9.0
Axes           | 4 6 8 9 |  9.1
Armour         | 4 5 7 |  7.2
Shields        | 4 6 7 |  7.6
Dodging        | |  0.6

Action                   |  1- 3 |  4- 6 || total
-------------------------+-------+-------++-------
Melee: War axe           |    29 |    23 ||    52
  Use: Potion            |       |     1 ||     1
Armor: Scale mail        |     7 |       ||     7
Dodge: Dodged            |     9 |    12 ||    21
Block: Shield            |     9 |     3 ||    12

Table legend:
 A = Non-vault XP
 B = Vault XP
 C = Vault XP percentage of total XP
 D = Non-vault monster count
 E = Vault monster count
 F = Vault count percentage of total count
                 A         B        C        D         E       F
            +---------+---------+-------+---------+---------+-------
      Total |       0 |     431 | 100.0 |       0 |       4 | 100.0
            +---------+---------+-------+---------+---------+-------
          D |       0 |     431 | 100.0 |       0 |       4 | 100.0
            +---------+---------+-------+---------+---------+-------
